 Dungeon Crawl Stone Soup version 0.27-a0-1049-g450f9b2e0d (webtiles) character file.

Game seed: 17379516456558943144

1050 kae the Ruffian (level 8, -4/69 HPs)
             Began as a Naga Transmuter on Apr 20, 2021.
             Was a Follower of Cheibriados.
             Slain by a hornet (12 damage)
             ... on level 5 of the Dungeon.
             The game lasted 00:04:55 (6083 turns).

kae the Ruffian (Naga Transmuter)                   Turns: 6083, Time: 00:04:55

Health: -4/69      AC:  3    Str: 18    XL:     8   Next: 26%
Magic:  5/13       EV: 11    Int: 16    God:    Cheibriados [*.....]
Gold:   123        SH:  0    Dex: 15    Spells: 1/14 levels left

rFire    . . .     SeeInvis +     - Unarmed
rCold    . . .     Faith    .   (no shield)
rNeg     . . .     Spirit   .   a - +0 robe
rPois    +         Reflect  .   (no helmet)
rElec    .         Harm     .   (no cloak)
rCorr    .         Rampage  .   (no gloves)
Will     +....                  (no barding)
Stlth    +.........             (no amulet)
HPRegen  0.21/turn              (no ring)
MPRegen  0.13/turn              (no ring)

@: very slightly contaminated, slowed, very slow
A: AC +2, large, see invisible, deformed body, poison resistance, slowness 2,
spit poison 1, naga tail 1
a: Spit Poison, Renounce Religion, Bend Time


You were on level 5 of the Dungeon.
You worshipped Cheibriados.
Cheibriados was aware of your devotion.
You visited 2 branches of the dungeon, and saw 6 of its levels.

You collected 123 gold pieces.

Inventory:

Armour
 a - a +0 robe (worn)
Jewellery
 c - a +6 ring of intelligence
 i - a ring of poison resistance
Wands
 j - a wand of iceblast (11)
 l - a wand of polymorph (1)
Scrolls
 f - 2 scrolls of immolation
 k - 2 scrolls of blinking {unknown}
 m - a scroll of teleportation {unknown}
 o - a scroll of fear {unknown}
 q - 2 scrolls of identify
Potions
 b - 3 potions of brilliance
 d - a potion of heal wounds
 e - 2 potions of flight
 g - 2 potions of curing
 h - a potion of might
 n - 2 potions of mutation {unknown}
 p - a potion of ambrosia {unknown}


   Skills:
 + Level 3.3 Fighting
 + Level 3.1 Dodging
 * Level 5.5 Unarmed Combat
 + Level 3.6 Spellcasting
 * Level 5.0 Transmutations
 * Level 1.2 Ice Magic
 - Level 3.0 Poison Magic


You had one spell level left.
You knew the following spells:

 Your Spells              Type           Power      Damage    Failure   Level
a - Beastly Appendage     Tmut           36%        N/A       2%          1
b - Spider Form           Tmut/Pois      7%         N/A       11%         3
c - Ice Form              Ice/Tmut       12%        N/A       43%         4
d - Hydra Form            Tmut           9%         N/A       52%         5

Your spell library contained the following spells:

 Spells                   Type           Power      Damage    Failure   Level
 Wereblood                Tmut           18%        N/A       3%          2


Dungeon Overview and Level Annotations

Branches:
Dungeon (5/15)             Temple (1/1) D:4

Altars:
Ashenzari
Cheibriados
Dithmenos
Elyvilon
Hepliaklqana
Kikubaaqudgha
Makhleb
Qazlal
Ru
Sif Muna
Trog
Vehumet
Wu Jian
Xom
Yredelemnul


Innate Abilities, Weirdness & Mutations

Your serpentine skin is tough. (AC +2)
You have supernaturally acute eyesight. (SInv)
Armour fits poorly on your strangely shaped body.
Your system is resistant to poisons. (rPois)
You cover ground very slowly.
You can spit poison.
You have a snake-like lower body.


Message History

You feel yourself slow down. The iguana bites you.
The centaur hits you but does no damage.
The centaur kicks you.
You can move again.
Your transformation is almost over.
You feel yourself speed up.
* * * LOW HITPOINT WARNING * * *
You feel extremely sick. The hornet closely misses you.
The hornet completely misses you.
* * * LOW HITPOINT WARNING * * *
You feel very sick. The hornet completely misses you. x2
Okay, then.
* * * LOW HITPOINT WARNING * * *
You feel very sick. The hornet closely misses you.
You feel better. The hornet barely misses you.
You feel much better. The hornet barely misses you. The hornet stings you!
You feel yourself slow down.
Casting: Spider Form (dangerous; 26% risk of failure)
Confirm with . or Enter, or press ? or * to list all spells.
The spell is quite dangerous to cast (65% risk of failure)!
Continue anyway? [Y]es or [N]o only, please.
The spell is quite dangerous to cast (65% risk of failure)!
Continue anyway?
You miscast Ice Form.
You are very lightly contaminated with residual magic.
Heat is drained from your body!
You feel yourself speed up. The hornet completely misses you.
The hornet stings you.
* * * LOW HITPOINT WARNING * * *
You feel yourself slow down.
Casting: Ice Form (quite dangerous; 65% risk of failure)
Confirm with . or Enter, or press ? or * to list all spells.
The spell is quite dangerous to cast (65% risk of failure)!
Continue anyway? [Y]es or [N]o only, please.
The spell is quite dangerous to cast (65% risk of failure)!
Continue anyway?
You miscast Ice Form.
You are encased in ice!
* * * LOW HITPOINT WARNING * * *
Your transformation has ended.
Your +0 robe unmelds from your body.
The hornet stings you!
You die...

#.... ....###
##.....###.#
#...#..... #...†..#
##..c.# #.....#
#....##########
#.##.cy@....... #.
#.l######### #.
#....#######+## #.
#.##..........# #.
#.##..........#####
..
#.##...............
.. #.##..........####
#.##..........####.#.
#.##.................


You could see a hornet, a centaur and an iguana.

Vanquished Creatures
  A wyvern (D:4)
  A water moccasin (D:5)
  An ice beast (D:4)
  A black bear (D:5)
  A centaur (D:4)
  2 scorpions (D:4)
  2 hounds (D:4)
  Terence (D:3)
  Natasha (thrice) (D:3)
  2 orc wizards (D:4)
  2 iguanas (D:4)
  7 adders
  A white imp (D:5)
  An adder skeleton (D:4)
  2 worms
  3 dart slugs
  8 orcs (D:4)
  3 endoplasms
  A giant cockroach (D:4)
  5 goblins
  8 hobgoblins
  15 jackals
  3 kobolds
  4 quokkas
  7 ball pythons
  3 bats
  3 frilled lizards
  4 rats
95 creatures vanquished.

Vanquished Creatures (others)
  5 plants (D:2)
5 creatures vanquished.

Grand Total: 100 creatures vanquished

Notes
Turn   | Place    | Note
-------+----------+-------------------------------------------
     0 | D:1      | kae the Naga Transmuter began the quest for the Orb.
     0 | D:1      | Reached XP level 1. HP: 18/18 MP: 3/3
   299 | D:1      | Reached XP level 2. HP: 13/25 MP: 3/5
  1181 | D:2      | Reached XP level 3. HP: 26/31 MP: 4/6
  2467 | D:3      | Learned a level 3 spell: Spider Form
  2647 | D:3      | Reached XP level 4. HP: 36/39 MP: 5/7
  2711 | D:3      | Noticed Natasha
  2725 | D:3      | Killed Natasha
  2726 | D:3      | Reached skill level 1 in Poison Magic
  2726 | D:3      | Found a faded altar of an unknown god.
  2916 | D:3      | Noticed Terence
  3252 | D:3      | Noticed Natasha
  3266 | D:3      | Killed Natasha
  3267 | D:3      | Reached XP level 5. HP: 25/45 MP: 5/8
  3407 | D:3      | Found a bloodstained altar of Trog.
  3679 | D:3      | Noticed Natasha
  3691 | D:3      | Killed Natasha
  4020 | D:3      | Killed Terence
  4108 | D:4      | Reached XP level 6. HP: 52/52 MP: 5/9
  4439 | D:4      | Found a staircase to the Ecumenical Temple.
  4467 | D:4      | Noticed a wyvern
  4476 | D:4      | Killed a wyvern
  4508 | Temple   | Entered the Ecumenical Temple
  4591 | Temple   | Became a worshipper of Cheibriados the Contemplative
  4725 | D:4      | Reached XP level 7. HP: 53/61 MP: 7/11
  4942 | D:4      | Reached * piety under Cheibriados
  5040 | D:4      | Reached skill level 5 in Unarmed Combat
  5341 | D:4      | Learned a level 4 spell: Ice Form
  5693 | D:4      | Reached XP level 8. HP: 31/68 MP: 8/13
  5942 | D:5      | Entered Level 5 of the Dungeon
  5950 | D:5      | Learned a level 5 spell: Hydra Form
  6070 | D:5      | Noticed a hornet
  6075 | D:5      | Reached skill level 5 in Transmutations
  6075 | D:5      | Reached skill level 1 in Ice Magic
  6076 | D:5      | Paralysed by a hornet for 2 turns
  6083 | D:5      | Slain by a hornet

Illustrated notes

Levels and vault maps discovered:
D:1:      sevenhm_arrival_forest_fort_small_4, layout_rooms
D:2:      layout_loops_cross, serial_bayou, serial_bayou_pond_b,
          serial_bayou_shore_b, serial_bayou_shore_b, serial_bayou_ford_a,
          kennysheep_doodads, minmay_misc_feat_hallway, eino_curves_02
D:3:      layout_loops_ring, trog_book, hellmonk_ecumenical_altar_arch_garden,
          grunt_ministairs_5, uniq_terence, uniq_natasha
D:4:      cheibrodos_barr_body, layout_gridville,
          minmay_temple_entry_glassed_door
D:5:      layout_basic, serial_shops, shop
Temple:   eino_temple_lava

Skill      XL: |  1  2  3  4  5  6  7  8 |
---------------+-------------------------+-----
Poison Magic   | 1 2 3 |  3.0
Dodging        | 2 3 |  3.1
Fighting       | 2 3 |  3.3
Transmutations | 3 4 5 |  5.0
Unarmed Combat | 4 5 |  5.5
Spellcasting   | 3 |  3.6
Ice Magic      | 1 |  1.2

Action                   |  1- 3 |  4- 6 |  7- 9 || total
-------------------------+-------+-------+-------++-------
Melee: Unarmed           |    97 |   109 |    74 ||   280
       Headbutt          |     6 |     1 |       ||     7
       Punch             |     2 |       |       ||     2
 Cast: Beastly Appendage |    15 |     9 |       ||    24
       Spider Form       |       |    11 |    12 ||    23
 Abil: Spit Poison       |    23 |    19 |    10 ||    52
  Use: Scroll            |     4 |     2 |       ||     6
       Potion            |       |     2 |     2 ||     4
Armor: Robe              |    26 |    11 |     3 ||    40
       Skin              |       |    10 |     9 ||    19
Dodge: Dodged            |    54 |    90 |    99 ||   243

Table legend: (Time is in decaauts)
 A = Elapsed time spent in this place.
 B = Non-inter-level travel time spent in this place.
 C = Inter-level travel time spent in this place.
 D = Time resting spent in this place.
 E = Time spent auto-exploring this place.
 F = Levels seen in this place.
 G = Mean time per level.
                   A        B        C        D        E       F      G
               +--------+--------+--------+--------+--------+-----+--------+
         Total |   7487 |   7282 |    205 |    289 |   6242 |   6 | 1247.8 |
       Dungeon |   7363 |   7172 |    191 |    289 |   6150 |   5 | 1472.6 |
        Temple |    124 |    111 |     13 |      0 |     91 |   1 |  124.0 |
               +--------+--------+--------+--------+--------+-----+--------+

Top non-repeatable levels by time:
     D:4: 2249 daAuts
     D:3: 2174 daAuts
     D:2: 1467 daAuts
     D:1: 1252 daAuts
     D:5: 219 daAuts
  Temple: 124 daAuts
